[Event "Swiss Youth-ch U14 2023"]
[Site "Olten"]
[Date "2023.05.27"]
[Round "3.2"]
[White "Kanana, Ziad"]
[Black "Gut, Raphael"]
[Result "0-1"]
[ECO "B91"]
[WhiteElo "1828"]
[BlackElo "1817"]
[Annotator "NA RC"]
[PlyCount "150"]
[EventDate "2023.05.26"]
[EventType "swiss"]
[EventCountry "SUI"]
[SourceTitle "playchess.com"]
[Source "ChessBase"]
[SourceQuality "1"]
[TimeControl "5400+30"]

1. e4 c5 2. Nf3 d6 3. d4 cxd4 4. Nxd4 Nf6 5. Nc3 a6 6. g3 e5 7. Nde2 {[%emt 0:00:05] 7.Nb3 is the modern continuation.} Be7 8. Bg2 h5 9. h3 b5 10. Nd5 Nxd5 11. Qxd5 Ra7 12. Qd3 (12. Be3 $5 Be6 13. Qd2 $14) 12... Nd7 13. Nc3 Nf6 14. Be3 Rb7 15. O-O {[%emt 0:13:17] [#]} Qc7 $146 ({Predecessor:} 15... O-O 16. Rfd1 b4 17. Ne2 Be6 18. Qxa6 Qc8 19. b3 Bd7 20. c4 Bc6 21. a3 bxa3 22. Rxa3 Nxe4 {0-1 Engel,L (2557)-Keymer,V (2672) German Masters 2022 (3)}) 16. f4 O-O 17. f5 Bd7 (17... Qc4 $11) 18. Bg5 Qc4 19. Bxf6 Qxd3 20. cxd3 Bxf6 21. Nd5 Kh7 22. Nxf6+ gxf6 23. Rac1 b4 24. Bf3 Kh6 25. Kf2 Bb5 26. Ke3 Rg8 27. g4 h4 {[%emt 0:00:31] [#]} 28. Bd1 $1 Rd8 29. Bb3 Kg5 (29... Kg7 $16 {was called for.} 30. Rf2 Ra7) 30. Rc2 Kh6 31. Rfc1 Rbd7 32. Bd5 Kg7 33. Rd1 Ba4 34. b3 Bb5 35. Bc4 Rc7 36. Rdc1 Rdc8 37. Rg2 Kh6 38. Rcg1 Kg5 39. Rc2 Kh6 40. Rgc1 Kg7 41. Ra1 Kh6 42. Kd2 Kg7 43. a4 bxa3 44. Rxa3 Kh6 45. Ra1 Kg5 46. Ke3 Kh6 47. Rac1 Kg5 48. Kf3 Kh6 49. Rf1 Kg5 50. Ke2 Rb8 51. Ke3 Bxc4 52. bxc4 Rcb7 53. Rff2 Rb1 54. Ra2 R8b6 55. Rh2 Re1+ 56. Kf3 Rb3 57. Rad2 a5 58. Rhe2 Ra1 59. Ke3 a4 60. Ra2 Rbb1 61. Reb2 a3 62. Rxa3 Re1+ 63. Kf2 Rxa3 64. Kxe1 Rxd3 65. Rh2 Re3+ 66. Kd2 Rxe4 67. Kd3 Rd4+ 68. Ke3 Rxc4 69. Rb2 Rc3+ {[%emt 0:00:18] Skewer} 70. Ke4 Rxh3 71. Rb8 Kxg4 72. Rg8+ Kh5 73. Rg7 Rg3 74. Rxf7 Rg4+ 75. Ke3 Kg5 $19 0-1

[Event "Swiss Youth-ch U14 2023"]
[Site "Olten"]
[Date "2023.05.27"]
[Round "3.3"]
[White "Haas, Anthony"]
[Black "Udipi, Kala Kishan"]
[Result "1/2-1/2"]
[ECO "E08"]
[WhiteElo "1530"]
[BlackElo "1904"]
[Annotator "RC"]
[PlyCount "69"]
[EventDate "2023.05.26"]
[EventType "swiss"]
[EventCountry "SUI"]
[SourceTitle "playchess.com"]
[Source "ChessBase"]
[SourceQuality "1"]
[TimeControl "5400+30"]

1. d4 d5 2. c4 e6 3. g3 Nf6 4. Bg2 Be7 5. Nf3 O-O 6. O-O c6 7. Qc2 b6 8. b3 Bb7 9. Nc3 Nbd7 10. e4 Rc8 11. Rd1 Ba6 12. Bf1 Bb7 13. Bg2 a5 14. Bb2 Rc7 15. Rac1 Qa8 16. Nd2 Rfc8 17. a3 Nb8 18. e5 Ne8 19. Ne2 c5 20. Qb1 Nd7 21. cxd5 Bxd5 22. Bxd5 Qxd5 23. Nf4 Qa8 24. a4 Bg5 25. Ne4 Bxf4 26. gxf4 cxd4 27. Rxc7 Nxc7 28. Rxd4 Nd5 29. Qd1 Rd8 30. Nc3 Nc5 31. f5 Rd7 32. f6 Nxc3 33. Bxc3 Rxd4 34. Bxd4 Qd5 35. Qg4 1/2-1/2

[Event "Swiss Youth-ch U14 2023"]
[Site "Olten"]
[Date "2023.05.27"]
[Round "3.4"]
[White "Breyer, Philippe"]
[Black "Van Aepelen, Nikolai"]
[Result "1-0"]
[ECO "B14"]
[WhiteElo "1766"]
[BlackElo "1623"]
[Annotator "NA RC"]
[PlyCount "77"]
[EventDate "2023.05.26"]
[EventType "swiss"]
[EventCountry "SUI"]
[SourceTitle "playchess.com"]
[Source "ChessBase"]
[SourceQuality "1"]
[TimeControl "5400+30"]

1. e4 c6 2. d4 d5 3. exd5 cxd5 4. c4 Nf6 5. Nc3 Nc6 6. Bg5 e6 7. c5 g6 8. Nb5 Be7 9. Nf3 a6 10. Nc3 b6 11. b4 Ne4 12. Bxe7 Qxe7 13. Qc2 Bb7 14. Rb1 Rc8 15. Be2 O-O 16. O-O bxc5 17. dxc5 f5 18. Qb2 Rcd8 19. Rbd1 Qf6 20. Rd3 a5 21. bxa5 Ba6 22. Re3 Bxe2 23. Qxe2 Nxc3 24. Rxc3 Qxc3 25. Qxe6+ Kg7 26. Qxc6 Qf6 27. Qb5 Rb8 28. Qd3 Rfd8 29. Nd4 Rbc8 30. Rc1 Qe7 31. Qc3 Kf7 32. a4 Re8 33. h3 Ra8 34. Nb5 Kg8 35. Nd6 Red8 36. Re1 d4 37. Qc4+ Kf8 38. Rxe7 Kxe7 39. Qf7# 1-0

[Event "Swiss Youth-ch U14 2023"]
[Site "Olten"]
[Date "2023.05.27"]
[Round "3.5"]
[White "Delangle, Alexander"]
[Black "Breyer, Thierry"]
[Result "0-1"]
[ECO "B91"]
[WhiteElo "1621"]
[BlackElo "1697"]
[Annotator "NA RC"]
[PlyCount "124"]
[EventDate "2023.05.26"]
[EventType "swiss"]
[EventCountry "SUI"]
[SourceTitle "playchess.com"]
[Source "ChessBase"]
[SourceQuality "1"]
[TimeControl "5400+30"]

1. e4 c5 2. Nf3 d6 3. d4 cxd4 4. Nxd4 Nf6 5. Nc3 a6 6. g3 g6 7. Bg2 Bg7 8. O-O O-O 9. a4 Bd7 10. Be3 Nc6 11. Nb3 Ne5 12. Re1 Qc7 13. Qe2 Nc4 14. Bg5 Be6 15. Nd5 Bxd5 16. exd5 h6 17. Bf4 Nxb2 18. Bc1 Nc4 19. Qxe7 Nd7 20. Ra2 Qd8 21. Qe2 Re8 22. Be3 Rc8 23. Nd2 Nxd2 24. Qxd2 Bc3 25. Qd1 Bxe1 26. Qxe1 h5 27. Bh3 Rc4 28. Qf1 b5 29. axb5 axb5 30. Qb1 b4 31. Bf1 Rce4 32. Bg2 Rc4 33. Bf1 Rce4 34. Bg2 Rxe3 35. fxe3 Qb6 36. Ra1 Qxe3+ 37. Kh1 Qc3 38. Qd1 Re3 39. Qf1 Ne5 40. Qf2 Ng4 41. Qf1 Kg7 42. h3 Ne5 43. Kh2 Rxg3 44. Ra7 Rg5 45. Qf4 Rf5 46. Qe4 Rg5 47. Rb7 Qg3+ 48. Kh1 Rf5 49. Rxb4 Nf3 50. Bxf3 Rxf3 51. Qe2 Qxh3+ 52. Kg1 Rg3+ 53. Kf2 Rg2+ 54. Ke1 Qc3+ 55. Kf1 Rxe2 56. Kxe2 Qxb4 57. c3 Qxc3 58. Kf2 h4 59. Kg2 Qe3 60. Kh2 h3 61. Kh1 Qf3+ 62. Kg1 Qg2# 0-1

[Event "Swiss Youth-ch U14 2023"]
[Site "Olten"]
[Date "2023.05.27"]
[Round "3.6"]
[White "Stoll, Arturo"]
[Black "Akinkhov, Mikhail"]
[Result "1-0"]
[ECO "D66"]
[WhiteElo "1607"]
[BlackElo "1495"]
[Annotator "NA RC"]
[PlyCount "91"]
[EventDate "2023.05.26"]
[EventType "swiss"]
[EventCountry "SUI"]
[SourceTitle "playchess.com"]
[Source "ChessBase"]
[SourceQuality "1"]
[TimeControl "5400+30"]

1. d4 d5 2. c4 c6 3. Nf3 Nf6 4. Nc3 e6 5. Bg5 Be7 6. e3 O-O 7. Rc1 Nbd7 8. Bd3 dxc4 9. Bxc4 b5 10. Bd3 a6 11. Bxf6 Nxf6 12. Ne5 Bb7 13. O-O c5 14. dxc5 Bxc5 15. Be2 Qb6 16. Bf3 Rfd8 17. Qe2 Bxf3 18. Qxf3 Bd6 19. Nc6 Rdc8 20. Nd4 Be5 21. Nce2 Nd5 22. Qe4 Bf6 23. h3 Rab8 24. a3 h6 25. Rc2 Ne7 26. Rfc1 Qd8 27. Nb3 Rxc2 28. Qxc2 Rc8 29. Nc5 Qb6 30. b4 a5 31. Qd2 axb4 32. axb4 Nd5 33. e4 Ne7 34. Rd1 Rxc5 35. Qd8+ Qxd8 36. Rxd8+ Kh7 37. bxc5 b4 38. Rb8 Nc6 39. Rb6 Nd4 40. Nf4 b3 41. Nd3 Bd8 42. Rd6 Ba5 43. Rxd4 b2 44. Nxb2 Bc3 45. Rc4 Bxb2 46. c6 1-0

[Event "Swiss Youth-ch U14 2023"]
[Site "Olten"]
[Date "2023.05.27"]
[Round "3.7"]
[White "Papaux, Jeremie"]
[Black "Paholok, Adam"]
[Result "0-1"]
[ECO "A40"]
[WhiteElo "1491"]
[BlackElo "1556"]
[Annotator "NA RC"]
[PlyCount "120"]
[EventDate "2023.05.26"]
[EventType "swiss"]
[EventCountry "SUI"]
[SourceTitle "playchess.com"]
[Source "ChessBase"]
[SourceQuality "1"]
[TimeControl "5400+30"]

1. d4 g6 2. c4 Bg7 3. Nc3 c5 4. d5 Bxc3+ 5. bxc3 f5 6. f3 Nf6 7. Qc2 Qa5 8. Bd2 d6 9. e4 O-O 10. exf5 Bxf5 11. Bd3 Bxd3 12. Qxd3 Nbd7 13. Nh3 Ne5 14. Qe2 Qa4 15. Bh6 Rfe8 16. Bf4 Qxc4 17. Bxe5 Qxe2+ 18. Kxe2 dxe5 19. c4 Rad8 20. Ng5 Nh5 21. g3 Ng7 22. Ne4 b6 23. Rae1 Nf5 24. Rhf1 Nd6 25. Kd3 Nxe4 26. Rxe4 e6 27. Rxe5 exd5 28. Rxd5 Rxd5+ 29. cxd5 Re5 30. Kc4 Kf7 31. Rf2 Ke7 32. f4 Re4+ 33. Kc3 Kd6 34. Rd2 b5 35. a3 Rc4+ 36. Kb3 Rd4 37. Re2 Rxd5 38. Re8 Rd3+ 39. Kb2 Rd2+ 40. Kb1 Kc6 41. Re6+ Kc7 42. Re5 Kc6 43. Re6+ Rd6 44. Re7 Rd7 45. Re6+ Kc7 46. Re5 Kb6 47. Re6+ Ka5 48. Rc6 c4 49. Kc2 a6 50. a4 Re7 51. Kd2 Kxa4 52. Rxa6+ Kb3 53. Rc6 b4 54. g4 c3+ 55. Kd3 Rd7+ 56. Ke3 c2 57. f5 gxf5 58. gxf5 Kb2 59. f6 c1=Q+ 60. Rxc1 Kxc1 0-1

[Event "Swiss Youth-ch U14 2023"]
[Site "Olten"]
[Date "2023.05.27"]
[Round "3.8"]
[White "Gade, Niels Severin"]
[Black "Gafner, Lancelot"]
[Result "1-0"]
[ECO "C50"]
[WhiteElo "1689"]
[BlackElo "1641"]
[Annotator "NA RC"]
[PlyCount "63"]
[EventDate "2023.05.26"]
[EventType "swiss"]
[EventCountry "SUI"]
[SourceTitle "playchess.com"]
[Source "ChessBase"]
[SourceQuality "1"]
[TimeControl "5400+30"]

1. e4 e5 2. Nf3 Nc6 3. Bc4 Bc5 4. O-O Nf6 5. d4 Bxd4 6. Nxd4 Nxd4 7. f4 d6 8. c3 Ne6 9. Be3 exf4 10. Bxf4 Nxf4 11. Rxf4 Be6 12. Bxe6 fxe6 13. Nd2 O-O 14. Qb3 Qd7 15. Raf1 c6 16. c4 Rf7 17. Nf3 e5 18. Rf5 Nxe4 19. Rxf7 Qxf7 20. Qd3 Qg6 21. Nh4 Qg4 22. Nf5 Rd8 23. h3 Nc5 24. Qe3 Qh5 25. g4 Qe8 26. Rd1 Qe6 27. Qg5 Qf6 28. Nh6+ Qxh6 29. Qxd8+ Kf7 30. Rf1+ Kg6 31. Qxd6+ Kg5 32. Rf5+ 1-0

[Event "Swiss Youth-ch U14 2023"]
[Site "Olten"]
[Date "2023.05.27"]
[Round "4.1"]
[White "Gut, Raphael"]
[Black "Gut, Lionel"]
[Result "1/2-1/2"]
[ECO "E43"]
[WhiteElo "1817"]
[BlackElo "2054"]
[Annotator "NA RC"]
[PlyCount "184"]
[EventDate "2023.05.26"]
[EventType "swiss"]
[EventCountry "SUI"]
[SourceTitle "playchess.com"]
[Source "ChessBase"]
[SourceQuality "1"]
[TimeControl "5400+30"]

1. d4 Nf6 2. c4 e6 3. Nc3 Bb4 4. e3 O-O 5. Bd2 b6 6. Bd3 Bb7 7. Nf3 c5 8. a3 Bxc3 9. Bxc3 cxd4 10. exd4 d5 11. b3 a5 12. O-O a4 13. bxa4 dxc4 14. Bxc4 Qc7 15. Bb4 $2 (15. Ne5 $11) 15... Qxc4 16. Rc1 Qd5 17. Bxf8 Kxf8 18. Rc7 Na6 19. Rc2 Rd8 20. Qe2 Nb8 21. Rb1 Nc6 22. Qc4 Qxc4 (22... Nxd4 $2 {loses.} 23. Qxd5 Rxd5 24. Nxd4 Rxd4 25. h3 $19) 23. Rxc4 Na5 24. Rcc1 Nd5 25. g3 f6 26. Nh4 Bc6 27. Re1 Kf7 28. f4 Bxa4 29. f5 exf5 30. Rb2 g6 31. Ng2 Nc4 32. Rbe2 Nd6 33. Nf4 Ne4 34. Nxd5 Rxd5 35. Rb2 b5 36. Rb4 $19 Ke7 37. g4 Kd7 38. gxf5 gxf5 39. Kg2 Nd6 40. Rc1 Nb7 41. Kf3 Nd8 42. Rc5 Rxc5 43. dxc5 Ne6 44. Rh4 h5 45. Ke3 Bd1 46. h3 Kc6 47. Kd2 Bf3 48. Ke3 Ng5 49. a4 Bg2 50. axb5+ Kxb5 51. Rxh5 Bxh3 52. Rh6 Kxc5 53. Rxf6 Kd5 54. Ra6 Ke5 55. Ra5+ Kf6 56. Ra4 Ne6 57. Rh4 Bg4 58. Rh8 Ke5 59. Ra8 f4+ 60. Kf2 Ke4 61. Ra4+ Nd4 62. Rb4 Bh5 63. Ra4 Be8 64. Ra3 Ne6 65. Ra1 Bc6 66. Re1+ Kf5 67. Rc1 Be4 68. Rc3 Ng5 69. Rc5+ Kg4 70. Rc8 Nh3+ 71. Kf1 Bd3+ 72. Ke1 Kf3 73. Re8 Ng5 74. Kd2 Be4 75. Ke1 Ke3 76. Kf1 f3 77. Rf8 Nh3 78. Re8 Nf4 79. Re7 Nh3 80. Re8 Kf4 81. Rf8+ Kg3 82. Rg8+ Kh2 83. Rf8 Kg3 84. Rg8+ Kf4 85. Rf8+ Bf5 86. Rf7 Ng5 87. Rf8 Ne4 88. Rf7 Ke5 89. Rf8 Ke6 90. Ke1 f2+ 91. Ke2 Bg4+ 92. Ke3 Bf5 1/2-1/2

[Event "Swiss Youth-ch U14 2023"]
[Site "Olten"]
[Date "2023.05.27"]
[Round "4.2"]
[White "Malli, Suvirr"]
[Black "Kanana, Ziad"]
[Result "1-0"]
[ECO "B13"]
[WhiteElo "2114"]
[BlackElo "1828"]
[Annotator "NA RC"]
[PlyCount "75"]
[EventDate "2023.05.26"]
[EventType "swiss"]
[EventCountry "SUI"]
[SourceTitle "playchess.com"]
[Source "ChessBase"]
[SourceQuality "1"]
[TimeControl "5400+30"]

1. e4 c6 2. d4 d5 3. exd5 cxd5 4. Nf3 Nf6 5. Ne5 Nc6 6. Bb5 Qb6 7. Ba4 Bf5 (7... Nd7 $11 {deserves consideration.}) 8. O-O $1 e6 9. c3 Bd6 10. Bf4 $17 (10. c4 $1 $11 dxc4 11. Nd2) 10... Rd8 11. c4 Bxe5 12. c5 Qa5 13. Bxe5 O-O 14. Bd6 Rfe8 15. a3 b5 16. Bb3 Ne4 17. Bf4 e5 18. dxe5 Nxe5 19. Bc2 b4 20. Bxe5 Rxe5 21. Qd4 Rde8 22. f4 R5e6 23. Qxb4 Qc7 24. Nc3 Nxc3 25. Bxf5 Ne2+ 26. Kh1 Rh6 27. Rf3 Rc6 28. Qa4 Rb8 29. Bxh7+ Kxh7 30. Qc2+ g6 31. Qxe2 Rxc5 32. Rg1 Rc2 33. Qd3 Rbxb2 34. Qd4 f6 35. Qxf6 Qd7 36. f5 Rb6 37. Rh3+ Kg8 38. Rh8# 1-0

[Event "Swiss Youth-ch U14 2023"]
[Site "Olten"]
[Date "2023.05.27"]
[Round "4.3"]
[White "Breyer, Thierry"]
[Black "Breyer, Philippe"]
[Result "1-0"]
[ECO "B90"]
[WhiteElo "1697"]
[BlackElo "1766"]
[Annotator "NA RC"]
[PlyCount "113"]
[EventDate "2023.05.26"]
[EventType "swiss"]
[EventCountry "SUI"]
[SourceTitle "playchess.com"]
[Source "ChessBase"]
[SourceQuality "1"]
[TimeControl "5400+30"]

1. e4 c5 2. Nf3 d6 3. d4 cxd4 4. Nxd4 Nf6 5. Nc3 a6 6. h3 e5 7. Nb3 Be7 8. Be3 h6 9. Qd2 Be6 10. O-O-O Nbd7 11. g4 Rc8 12. f3 b5 13. h4 Nb6 14. Qf2 Nfd7 15. Kb1 Nc4 16. Bxc4 bxc4 17. Nc1 Qa5 18. N1e2 Rb8 19. Ka1 Qb4 20. Rb1 Nb6 21. Rhd1 Nd7 22. Nd5 Bxd5 23. Rxd5 Nb6 24. a3 Qa4 25. Bxb6 Bxh4 26. Qxh4 Rxb6 27. Qf2 Qc6 28. Nc3 O-O 29. Na2 Rfb8 30. Qd2 R8b7 31. Qc3 Qa4 32. Ra5 Qc6 33. Nb4 Qc8 34. Rd1 Rd7 35. Rdd5 Kf8 36. Rd1 Rb8 37. Rad5 Rb6 38. Qe3 Qc7 39. c3 f6 40. f4 Qa7 41. fxe5 fxe5 42. Rf1+ Kg8 43. Qf2 a5 44. Rxa5 Qxa5 45. Qf8+ Kh7 46. Qf5+ Kg8 47. Qxd7 Qa8 48. Nd5 Rxb2 49. Kxb2 Qb8+ 50. Nb4 Qb6 51. Qc8+ Kh7 52. Qxc4 Qe3 53. Qd3 Qg5 54. Qf3 Qd2+ 55. Nc2 d5 56. Qf5+ Kh8 57. Qg6 1-0

[Event "Swiss Youth-ch U14 2023"]
[Site "Olten"]
[Date "2023.05.27"]
[Round "4.4"]
[White "Udipi, Kala Kishan"]
[Black "Stoll, Arturo"]
[Result "1/2-1/2"]
[ECO "E38"]
[WhiteElo "1904"]
[BlackElo "1607"]
[Annotator "NA RC"]
[PlyCount "116"]
[EventDate "2023.05.26"]
[EventType "swiss"]
[EventCountry "SUI"]
[SourceTitle "playchess.com"]
[Source "ChessBase"]
[SourceQuality "1"]
[TimeControl "5400+30"]

1. d4 Nf6 2. c4 e6 3. Nf3 c5 4. Nc3 cxd4 5. Nxd4 Nc6 6. e3 Bb4 7. Qc2 O-O 8. a3 Bxc3+ 9. Qxc3 Ne4 10. Nxc6 bxc6 11. Qd4 (11. Qc2 $5 d5 12. b3 $11) 11... d5 12. cxd5 exd5 13. b4 c5 14. bxc5 Qa5+ 15. Bd2 Nxd2 16. Qxd2 Qxc5 17. Be2 Be6 $11 18. O-O Rfd8 19. Rfd1 Rac8 20. Bf3 Qc3 21. Qxc3 Rxc3 22. Rd4 Rdc8 23. h3 R8c4 24. Rdd1 g6 25. Bxd5 Bxd5 26. Rxd5 Ra4 27. Rb1 Rc7 28. Rb3 Rac4 29. Rd2 Rc1+ 30. Kh2 R1c2 31. Rxc2 Rxc2 32. f4 Rc4 33. Rb4 Rc3 34. Ra4 Rxe3 35. Rxa7 Kg7 36. a4 Ra3 37. h4 h5 38. a5 Kf6 39. g3 Ra2+ 40. Kh3 Kg7 41. Ra6 Rb2 42. Rb6 Ra2 43. a6 Kh7 44. Rb7 Rxa6 45. Rxf7+ Kh6 46. Re7 Ra3 47. Kg2 Ra2+ 48. Kf3 Ra3+ 49. Re3 Ra4 50. g4 hxg4+ 51. Kxg4 Ra1 52. Rg3 Ra4 53. Kf3 Ra3+ 54. Kf2 Ra2+ 55. Kf3 Ra3+ 56. Kg4 Ra4 57. Rh3 Ra1 58. Rg3 Ra4 1/2-1/2

[Event "Swiss Youth-ch U14 2023"]
[Site "Olten"]
[Date "2023.05.27"]
[Round "4.5"]
[White "Paholok, Adam"]
[Black "Haas, Anthony"]
[Result "1/2-1/2"]
[ECO "C42"]
[WhiteElo "1556"]
[BlackElo "1530"]
[Annotator "NA RC"]
[PlyCount "74"]
[EventDate "2023.05.26"]
[EventType "swiss"]
[EventCountry "SUI"]
[SourceTitle "playchess.com"]
[Source "ChessBase"]
[SourceQuality "1"]
[TimeControl "5400+30"]

1. e4 e5 2. Nf3 Nf6 3. Nc3 Bb4 4. Nxe5 O-O 5. Nd3 Bxc3 6. dxc3 Nxe4 7. Nf4 d6 8. Be2 Nd7 9. Be3 Ne5 10. Qd4 Nc5 11. O-O Ne6 12. Nxe6 Bxe6 13. Qb4 Qc8 14. Qh4 Qd8 15. Qe4 Qc8 16. f4 Bf5 17. Qd5 Be6 18. Qe4 Bf5 19. Qa4 Ng4 20. Bxg4 Bxg4 21. Rae1 h6 22. h3 Bd7 23. Qd4 a6 24. Rf2 Re8 25. c4 Bc6 26. f5 Re4 27. Qd3 f6 28. g4 Qd7 29. Rfe2 Rae8 30. Bd4 Rxe2 31. Rxe2 Rxe2 32. Qxe2 Kf8 33. c5 Qe7 34. Qxe7+ Kxe7 35. b4 Kf7 36. a3 g6 37. fxg6+ Ke6 1/2-1/2

[Event "Swiss Youth-ch U14 2023"]
[Site "Olten"]
[Date "2023.05.27"]
[Round "4.6"]
[White "Delangle, Alexander"]
[Black "Gade, Niels Severin"]
[Result "1-0"]
[ECO "B50"]
[WhiteElo "1621"]
[BlackElo "1689"]
[Annotator "NA RC"]
[PlyCount "81"]
[EventDate "2023.05.26"]
[EventType "swiss"]
[EventCountry "SUI"]
[SourceTitle "playchess.com"]
[Source "ChessBase"]
[SourceQuality "1"]
[TimeControl "5400+30"]

1. e4 c5 2. Nf3 d6 3. c3 Nf6 4. h3 Nc6 5. Bd3 e5 6. Bc2 d5 7. exd5 Qxd5 8. Qe2 Be7 9. c4 Qd6 10. O-O O-O 11. Nc3 a6 12. Re1 Re8 13. b3 Bd8 14. Bb2 Bc7 15. Ne4 Nxe4 16. Bxe4 f6 17. Nh4 Be6 18. Qh5 f5 19. Bxf5 Bxf5 20. Nxf5 Qf6 21. Ne3 Ne7 22. Re2 Ng6 23. Nd5 Qc6 24. Rae1 Bd6 25. Re4 Rad8 26. d3 Bb8 27. R1e3 b5 28. Rg3 Re6 29. h4 Qd7 30. Reg4 Qf7 31. Qg5 Rd7 32. h5 Ne7 33. Qxg7+ Qxg7 34. Rxg7+ Kf8 35. Nxe7 Rexe7 36. Rg8+ Kf7 37. R3g7+ Kf6 38. Rxe7 Rxe7 39. Rxb8 bxc4 40. dxc4 Re6 41. Rc8 1-0

[Event "Swiss Youth-ch U14 2023"]
[Site "Olten"]
[Date "2023.05.27"]
[Round "4.7"]
[White "Van Aepelen, Nikolai"]
[Black "Akinkhov, Mikhail"]
[Result "0-1"]
[ECO "D52"]
[WhiteElo "1623"]
[BlackElo "1495"]
[Annotator "NA RC"]
[PlyCount "140"]
[EventDate "2023.05.26"]
[EventType "swiss"]
[EventCountry "SUI"]
[SourceTitle "playchess.com"]
[Source "ChessBase"]
[SourceQuality "1"]
[TimeControl "5400+30"]

1. d4 d5 2. c4 c6 3. Nf3 Nf6 4. Nc3 e6 5. Bg5 Nbd7 6. e3 Bd6 7. Qc2 O-O 8. Rd1 h6 9. h4 Qa5 10. Bxf6 Nxf6 11. Nd2 Re8 12. Be2 Qd8 13. f4 h5 14. Nf3 Ng4 15. Qd2 f5 16. Ne5 Qf6 17. Bxg4 hxg4 18. g3 Qe7 19. h5 Bxe5 20. fxe5 Kh7 21. cxd5 exd5 22. Ne2 Be6 23. Nf4 Bf7 24. Qc2 Qg5 25. Ke2 Rh8 26. Rh4 Kg8 27. Qb3 Qe7 28. Rf1 Rh6 29. Rc1 Rc8 30. Rh2 Qe8 31. Qd3 Qd7 32. b4 a6 33. a3 Rf8 34. Qc2 Rc8 35. Rch1 Re8 36. Nd3 b6 37. Qa4 Ra8 38. Nf4 Ra7 39. Kd3 a5 40. Rb2 axb4 41. Qxb4 b5 42. Rc2 Ra4 43. Qb2 Qa7 44. Rc3 Qa5 45. Ke2 Qa8 46. Qc2 Rxa3 47. Rxa3 Qxa3 48. Rh2 Qa6 49. Ke1 Qa1+ 50. Kf2 Qa6 51. Qxf5 Qa2+ 52. Ne2 b4 53. Qxg4 b3 54. Qf5 b2 55. Rh1 Rxh5 56. Rxh5 Bxh5 57. Qc8+ Kh7 58. Qf5+ Bg6 59. Qf4 b1=Q 60. Qh4+ Kg8 61. Qd8+ Kh7 62. Qh4+ Kg8 63. Qd8+ Kf7 64. Qd7+ Kf8 65. Qd6+ Ke8 66. Qxc6+ Kd8 67. e6 Qf5+ 68. Ke1 Qa1+ 69. Nc1 Qa5+ 70. Kd1 Qf1# 0-1

[Event "Swiss Youth-ch U14 2023"]
[Site "Olten"]
[Date "2023.05.27"]
[Round "4.8"]
[White "Gafner, Lancelot"]
[Black "Papaux, Jeremie"]
[Result "0-1"]
[ECO "C90"]
[WhiteElo "1641"]
[BlackElo "1491"]
[Annotator "NA RC"]
[PlyCount "158"]
[EventDate "2023.05.26"]
[EventType "swiss"]
[EventCountry "SUI"]
[SourceTitle "playchess.com"]
[Source "ChessBase"]
[SourceQuality "1"]
[TimeControl "5400+30"]

1. e4 e5 2. Nf3 Nc6 3. Bb5 a6 4. Ba4 Nf6 5. O-O d6 6. Re1 Be7 7. c3 O-O 8. h3 b5 9. Bc2 Bd7 10. d4 h6 11. Nbd2 Nh7 12. Nf1 exd4 13. cxd4 Nb4 14. Bb1 c5 15. d5 a5 16. a3 Na6 17. Qc2 Re8 18. e5 Nf8 19. e6 fxe6 20. dxe6 Bc6 21. Qf5 Bf6 22. Qg4 Kh8 23. h4 Bxf3 24. gxf3 Nc7 25. Bf5 Bxh4 26. Ng3 Bxg3 27. fxg3 Qf6 28. Bd2 d5 29. Bf4 Ncxe6 30. Be5 Qg5 31. Qh3 Nd4 32. Bxd4 cxd4 33. Kf2 Qd2+ 34. Kf1 Re3 35. Qg2 Qxg2+ 36. Kxg2 Rae8 37. Red1 Re2+ 38. Kf1 g6 39. Bd3 Rxb2 40. Rab1 Rxb1 41. Rxb1 Re3 42. Bxb5 Rxf3+ 43. Kg2 Rxa3 44. Rd1 Ne6 45. Bd7 Ng5 46. Rxd4 Ne4 47. Bc6 Rxg3+ 48. Kh2 Rc3 49. Bxd5 Rc2+ 50. Kg1 Rd2 51. Rxe4 Rxd5 52. Re8+ Kg7 53. Ra8 Kf6 54. Ra6+ Kg5 55. Kg2 h5 56. Rc6 Kf5 57. Rc8 Rd2+ 58. Kf3 Ra2 59. Rc5+ Kf6 60. Rc6+ Kg5 61. Rc5+ Kh6 62. Rc6 a4 63. Ra6 a3 64. Ra5 Ra1 65. Kg2 h4 66. Kh2 g5 67. Ra6+ Kh5 68. Ra4 a2 69. Kg2 h3+ 70. Kh2 g4 71. Ra5+ Kh4 72. Ra4 Rb1 73. Ra3 g3+ 74. Rxg3 Rb2+ 75. Kh1 a1=Q+ 76. Rg1 Qa8+ 77. Rg2 hxg2+ 78. Kh2 g1=B+ 79. Kxg1 Qg2# 0-1

[Event "Swiss Youth-ch U14 2023"]
[Site "Olten"]
[Date "2023.05.28"]
[Round "5.1"]
[White "Breyer, Thierry"]
[Black "Malli, Suvirr"]
[Result "0-1"]
[ECO "B53"]
[WhiteElo "1697"]
[BlackElo "2114"]
[Annotator "TA"]
[PlyCount "88"]
[EventDate "2023.05.26"]
[EventType "swiss"]
[EventCountry "SUI"]
[SourceTitle "playchess.com"]
[Source "ChessBase"]
[SourceQuality "1"]
[TimeControl "5400+30"]

1. e4 c5 2. Nf3 d6 3. d4 cxd4 4. Qxd4 Nc6 5. Bb5 a6 6. Bxc6+ {[%emt 0:00:22] B53: Sicilian: 2...d6: Lines with Qxd4.} bxc6 7. Nc3 e5 8. Qd3 {[%emt 0:00:52] The position is equal.} a5 9. Bg5 Nf6 10. O-O-O {[%emt 0:01:41][%cal Of3e5] [#]} Ba6 $146 (10... h6 $5 11. Bxf6 Qxf6 $11) ({Predecessor:} 10... h6 11. Bh4 Qb6 12. Nd2 Be6 13. Bxf6 gxf6 14. Nc4 Bxc4 15. Qxc4 Rb8 16. Na4 Qc7 {1-0 Gardim,L (1585)-Deus Filho,J (2013) Barrinha op 1st 2013 (3)}) 11. Qd2 (11. Qe3 $5 ) 11... Rb8 12. Rhe1 (12. Nh4 {is more appropriate.}) 12... Qb6 $11 (12... h6 {simplifies} 13. Bxf6 Qxf6 14. Qe3 Qe7) 13. b3 Qc5 {[%emt 0:03:16] [#]} (13... Nd7 $1 $11 {remains equal.}) 14. Kb2 ({But not} 14. Kb1 $6 Nd7 $11) ({White should play} 14. Nxe5 $1 $16 Qxe5 15. Bf4) 14... h6 (14... d5 $2 15. exd5 Qa3+ 16. Kb1 $18) (14... Nd7 $1 $11) 15. Bxf6 $14 gxf6 16. Nh4 Bc8 (16... d5 $2 17. exd5 Bc4 18. d6 $18) 17. Qe3 (17. f4 $16) 17... Qxe3 $1 $11 18. Rxe3 Be6 19. h3 h5 20. Rdd3 Rd8 21. Rf3 d5 22. Nf5 d4 (22... a4 $17) 23. Nb1 (23. Na4 $1 $11) 23... h4 24. c4 {[%emt 0:03:00] Black continues to play with concentration.} (24. Nd2 $15) 24... Rb8 25. Kc2 {[%emt 0:00:56] [#]} a4 $1 26. Nd2 {[%emt 0:01:57] [#]} (26. Rd1 Ra8) 26... Ra8 $1 27. Kb2 Bb4 28. Ng7+ (28. Nb1 $142) 28... Ke7 $19 29. Nb1 $2 (29. Nxe6 {was necessary.} fxe6 30. bxa4) 29... a3+ 30. Kc2 Bd7 {[%emt 0:00:29] ...Rag8 would be deadly.} 31. Nf5+ Bxf5 32. Rxf5 Rag8 33. Rdf3 Rh6 {[%emt 0:00:06] White is weak on the dark squares} (33... Rxg2 34. Rxf6 Rf8 35. c5 $15) 34. g4 hxg3 {[%emt 0:00:12][%mdl 64] Discovered Attack} 35. fxg3 Rxh3 36. Rxf6 Rh2+ 37. Kc1 Rg7 38. Rxc6 Rh1+ $2 (38... Rgh7 {( -> ...Rh1+)} 39. Rc7+ Ke8) 39. Kc2 Rgh7 40. Rcf6 $2 (40. c5 R7h2+ 41. Kd3 Rxb1 42. Rc7+ Ke8 43. Kc4 Bxc5 44. Rxc5 Rc1+ 45. Kd5 Rxc5+ 46. Kxc5 Rxa2 47. Kb4) 40... R7h2+ 41. Rf2 Rxf2+ 42. Rxf2 {[%emt 0:00:01] [#]} d3+ $1 {[%emt 0:00:20][%mdl 576] Deflection} 43. Kxd3 {[%emt 0:00:01] Threatens to win with Nc3.} Rxb1 44. Rc2 Bc5 {[%emt 0:01:21] Weighted Error Value: White=0.59/Black=0.25 (precise)} 0-1